 Dungeon Crawl Stone Soup version 0.19.0 (webtiles) character file.

18887 AlphabetPasta the Covert (level 12, -1/83 HPs)
             Began as a Mummy Assassin on Nov 15, 2016.
             Was a Follower of Ashenzari.
             Killed from afar by a fire dragon (70 damage)
             ... with a blast of flame
             ... on level 11 of the Dungeon on Nov 16, 2016.
             The game lasted 01:14:57 (14548 turns).

AlphabetPasta the Covert (Mummy Assassin)          Turns: 14548, Time: 01:14:58

Health: -1/83      AC: 11    Str: 19    XL:     12   Next: 31%
Magic:  15/15      EV: 17    Int: 15    God:    Ashenzari [*.....]
Gold:   375        SH:  6    Dex: 19    Spells: 0 memorised, 11 levels left

rFire  x . .     SeeInvis +     c - +1 rapier (protect)
rCold  + . .     Gourm    .     u - +4 robe of Augmentation {Str+4 Int+4 Dex+4}
rNeg   + + +     Faith    .     v - +0 buckler
rPois  ∞         Spirit   .     N - +1 helmet {SInv}
rElec  +         Reflect  .     d - +1 cloak
rCorr  .         Harm     .     t - +0 pair of gloves
MR     +....                    (no boots)
Stlth  +++++++++.               (no amulet)
                                L - ring "Ycvo" {+Fly rElec rN++ Dex-2 Stlth+}
                                F - ring of Shadows {Umbra +Inv Stlth+}

@: wreathed by umbra
A: no food or potions, fire vulnerability, cold resistance 1, negative energy
resistance 3, torment resistance, unbreathing
a: Curse Item, Scrying, Renounce Religion, Evoke Invisibility, Evoke Flight


You were on level 11 of the Dungeon.
You worshipped Ashenzari.
Ashenzari was aware of your devotion.
You were not hungry.

You visited 2 branches of the dungeon, and saw 12 of its levels.
You also visited: Sewer, Ossuary and Bailey.

You collected 655 gold pieces.
You spent 280 gold pieces at shops.

Inventory:

Hand Weapons
 a - a +2 dagger
 b - a +1 blowgun
 c - a +1 rapier of protection (weapon)
 j - a +0 vampiric dagger
Missiles
 e - 30 poisoned needles
 g - 10 tomahawks (quivered)
 x - 2 javelins
 z - a curare-tipped needle
 J - 2 silver tomahawks
 K - 13 javelins of returning
Armour
 d - a +1 cloak (worn)
 f - a +0 hat of intelligence
 m - a +0 robe
 t - a +0 pair of gloves (worn)
 u - the +4 robe of Augmentation (worn) {Str+4 Int+4 Dex+4}
   (You found it on level 5 of the Dungeon)

   It affects your strength (+4).
   It affects your intelligence (+4).
   It affects your dexterity (+4).
 v - a +0 buckler (worn)
 N - a +1 helmet of see invisible (worn)
Jewellery
 h - a +2 ring of strength
 l - the ring of Robustness {AC+8}
   (You found it on level 4 of the Dungeon)

   [ring of protection]

   It affects your AC (+8).
 s - an uncursed ring of poison resistance
 B - a +3 ring of strength
 F - the ring of Shadows (left hand) {Umbra +Inv Stlth+}
   (You found it on level 8 of the Dungeon)

   [ring of stealth]

   It lets you turn invisible.
   It makes you more stealthy.
 L - the ring "Ycvo" (right hand) {+Fly rElec rN++ Dex-2 Stlth+}
   (You found it in a bailey)

   [ring of stealth]

   It affects your dexterity (-2).
   It insulates you from electricity.
   It greatly protects you from negative energy.
   It lets you fly.
   It makes you more stealthy.
 O - an uncursed ring of resist corrosion
Wands
 r - a wand of slowing (21/48)
 y - a wand of disintegration (11/24)
 A - a wand of teleportation (4/9)
 C - a wand of lightning (0/15)
 D - a wand of confusion (26/48)
 G - a wand of acid (6/15)
 H - a wand of flame (20/48)
Scrolls
 i - a scroll of recharging
 k - 5 scrolls of remove curse
 n - 4 scrolls of enchant armour
 o - 6 scrolls of identify
 p - 7 scrolls of teleportation
 q - a scroll of enchant weapon
 w - 2 scrolls of blinking
 E - a scroll of amnesia
 I - a scroll of fear
Miscellaneous
 M - a disc of storms


   Skills:
 + Level 3.7 Fighting
 * Level 9.2 Short Blades
 + Level 6.4 Throwing
 + Level 6.1 Dodging
 * Level 10.5 Stealth
 + Level 5.3 Shields
 + Level 4.5 Evocations


You had 11 spell levels left.
You didn't know any spells.

Dungeon Overview and Level Annotations

Branches:
Dungeon (11/15)            Temple (1/1) D:5            Lair (0/6) D:8
    Orc (0/2) D:10

Altars:
Ashenzari
Cheibriados
Dithmenos
Elyvilon
Fedhas
Gozag
Hepliaklqana
Kikubaaqudgha
Makhleb
Nemelex Xobeh
Okawaru
Qazlal
Ru
Sif Muna
Trog
Uskayaw
Vehumet
Xom
Yredelemnul
Zin
The Shining One

Shops:
D:5 [   D:10 [


Innate Abilities, Weirdness & Mutations

You do not eat or drink.
Your flesh is vulnerable to fire.
You are immune to poison.
Your flesh is cold resistant. (rC+)
You are immune to negative energy. (rN+++)
You are immune to unholy pain and torment.
You can survive without breathing.


Message History

The sky beast completely resists.
This wand has 0 charges left.
Put on which piece of jewellery? (? for menu, Esc to quit)
You're wearing all the rings you can.
Remove which one? (? for menu, Esc to cancel) < or
F - the ring of Shadows {Umbra +Inv Stlth+} > or
l - the ring of Robustness {AC+8} You remove the ring of Robustness {AC+8}.
L - the ring "Ycvo" (right hand) {+Fly rElec rN++ Dex-2 Stlth+}
As you read the scroll of identify, it crumbles to dust.
G - a wand of acid (6/15)
Okay, then.
Evoke which item? (* to show all) (? for menu, Esc to quit)
The disc glows for a moment, then fades.
Your magical contamination has completely faded away.
Evoke which item? (* to show all) (? for menu, Esc to quit)
The disc glows for a moment, then fades.
The fire dragon breathes flames at you. The blast of flame hits you!
The fire burns you terribly!
Ouch! That really hurt!
You die...

#..# ##.#
#.# #.##
#..#
##..##
##....##
#......#
#....@%##
##...YDC.#
#........#
#......≈≈#
#.....≈≈≈#
#≈..≈≈≈≈≈#
#≈≈≈≈≈≈.≈#
#≈≈≈≈≈...#
#≈≈≈≈≈...#


You could see a fire dragon, a hill giant and a sky beast.

Vanquished Creatures
  Gastronok (D:8)
  The ghost of ellienor the Severer, a journeyman MiBe of Trog (D:11)
  A flayed ghost (D:8)
  A hill giant (D:10)
  Pikel (D:8)
  An ugly thing (D:8)
  Joseph (D:8)
  A gargoyle (D:11)
  A hornet (D:11)
  2 trolls
  5 hippogriffs
  Sigmund (D:4)
  7 wraiths
  9 yaks (D:9)
  A human (D:7)
  11 fire bats (D:8)
  Grum (D:8)
  Eustachio (D:4)
  4 hogs
  2 hell hounds (D:8)
  2 ice beasts
  4 black bears
  17 orc warriors
  2 sky beasts
  2 slaves (D:8)
  4 ogres
  13 centaurs
  4 wolves (D:8)
  3 big kobolds (D:8)
  Blork the orc (D:4)
  An elf zombie (Ossuary)
  6 bullfrogs
  A water moccasin zombie (D:11)
  A wyvern zombie (D:10)
  A gnoll sergeant (D:8)
  A wyvern skeleton (D:8)
  6 scorpions
  2 killer bees (D:8)
  14 wights
  A howler monkey (D:5)
  4 crimson imps
  3 centaur zombies
  3 jellies
  7 hounds
  9 orc wizards
  A centaur skeleton (D:5)
  2 orc priests
  A bullfrog skeleton (D:7)
  A human zombie (Ossuary)
  3 iguanas (D:9)
  6 worker ants
  A hound skeleton (D:4)
  3 mummies (Ossuary)
  2 howler monkey zombies
  4 gnolls (D:8)
  3 river rats
  12 adders
  A shadow imp (D:11)
  2 adder zombies
  4 worms
  A dart slug (D:5)
  6 leopard geckos
  57 orcs
  3 ball pythons
  A bat zombie (D:2)
  10 giant cockroaches
  2 gnoll zombies (Ossuary)
  4 goblins
  5 hobgoblins
  10 jackals
  6 kobolds
  2 quokkas
  57 bats
  11 frilled lizards
  3 goblin zombies (Ossuary)
  A hobgoblin zombie (Ossuary)
  7 jackal zombies (Ossuary)
  3 kobold zombies (Ossuary)
  A leopard gecko skeleton (D:6)
  A leopard gecko zombie (D:8)
  2 orc zombies (Ossuary)
  6 quokka zombies (Ossuary)
  23 rats
  8 rat zombies
441 creatures vanquished.

Vanquished Creatures (others)
  2 slaves (D:8)
  An orc (D:8)
  A bat (D:8)
4 creatures vanquished.

Grand Total: 445 creatures vanquished

Notes
Turn   | Place    | Note
-------+----------+-------------------------------------------
     0 | D:1      | AlphabetPasta the Mummy Assassin began the quest for the Orb.
     0 | D:1      | Reached XP level 1. HP: 16/16 MP: 1/1
   170 | D:1      | Reached skill level 1 in Dodging
   279 | D:1      | Reached XP level 2. HP: 22/22 MP: 2/2
   878 | D:2      | Reached XP level 3. HP: 22/27 MP: 3/3
   989 | D:2      | Found an ancient bone altar of Kikubaaqudgha.
  1056 | D:2      | Found a stormy altar of Qazlal.
  1479 | D:3      | Found a glowing silver altar of Zin.
  2303 | D:3      | Reached XP level 4. HP: 29/33 MP: 4/4
  2390 | D:4      | Noticed a centaur
  2391 | D:4      | Killed a centaur
  2391 | D:4      | Reached skill level 4 in Stealth
  2391 | D:4      | Reached XP level 5. HP: 38/38 MP: 5/5
  2618 | D:4      | Noticed an ogre
  2647 | D:4      | Killed an ogre
  2653 | D:4      | Reached XP level 6. HP: 16/44 MP: 6/6
  3004 | D:4      | Noticed Eustachio
  3018 | D:4      | Killed Eustachio
  3212 | D:4      | Reached skill level 5 in Stealth
  3212 | D:4      | Reached XP level 7. HP: 39/50 MP: 7/7
  3289 | D:4      | Noticed Blork the orc
  3312 | D:4      | Killed Blork the orc
  3492 | D:4      | Noticed Sigmund
  3495 | D:4      | Killed Sigmund
  3671 | D:5      | Entered Level 5 of the Dungeon
  3761 | D:5      | Found a hazy altar of Hepliaklqana.
  3971 | D:5      | Reached XP level 8. HP: 41/56 MP: 8/8
  4077 | D:5      | Reached skill level 5 in Short Blades
  4116 | D:5      | Reached skill level 6 in Stealth
  4150 | D:5      | Found a glowing drain.
  4154 | Sewer    | Entered a sewer
  4670 | D:5      | Found Pacokub's Armour Boutique.
  4674 | D:5      | Bought a +0 buckler for 49 gold pieces
  4872 | D:5      | Found a staircase to the Ecumenical Temple.
  4877 | Temple   | Entered the Ecumenical Temple
  5221 | Temple   | Became a worshipper of Ashenzari the Shackled
  5606 | D:6      | Reached skill level 1 in Shields
  5790 | D:6      | Found a sacrificial altar of Ru.
  6017 | D:6      | Found a glowing golden altar of the Shining One.
  6145 | D:7      | Found a sand-covered staircase.
  6154 | Ossuary  | Entered an ossuary
  6616 | D:6      | Reached XP level 9. HP: 21/61 MP: 9/9
  7068 | D:7      | Reached skill level 7 in Stealth
  7068 | D:7      | Reached skill level 1 in Evocations
  7975 | D:8      | Found a staircase to the Lair.
  7998 | D:8      | Noticed Gastronok
  8288 | D:8      | Killed Gastronok
  8288 | D:8      | Reached skill level 5 in Throwing
  8288 | D:8      | Reached skill level 8 in Stealth
  8288 | D:8      | Reached XP level 10. HP: 45/67 MP: 11/11
  8492 | D:8      | Noticed a purple ugly thing
  8635 | D:8      | Killed a purple ugly thing
  8641 | D:8      | Found a bloodstained altar of Trog.
  8661 | D:8      | Noticed Joseph
  8691 | D:8      | Killed Joseph
  8771 | D:8      | Noticed Pikel
  8785 | D:8      | Killed Pikel
  9081 | D:8      | Found a runed door.
  9107 | D:8      | Found a hazy altar of Hepliaklqana.
  9144 | D:8      | Reached skill level 5 in Dodging
  9144 | D:8      | Reached skill level 9 in Stealth
  9254 | D:8      | Found a bloodstained altar of Trog.
  9300 | D:8      | Reached XP level 11. HP: 24/72 MP: 13/13
  9756 | D:8      | Found a shimmering altar of Xom.
  9866 | D:8      | Found a hazy altar of Hepliaklqana.
 10123 | D:8      | Found a bloodstained altar of Trog.
 10353 | D:8      | Found a sparkling altar of Nemelex Xobeh.
 10498 | D:8      | Noticed a flayed ghost
 10503 | D:8      | Killed a flayed ghost
 10665 | D:8      | Noticed Grum
 10681 | D:8      | Killed Grum
 11363 | D:9      | Reached * piety under Ashenzari
 11527 | D:9      | Found a white marble altar of Elyvilon.
 11530 | D:9      | Found a snail-covered altar of Cheibriados.
 11532 | D:9      | Found an opulent altar of Gozag.
 12002 | D:9      | Reached skill level 10 in Stealth
 12228 | D:10     | Entered Level 10 of the Dungeon
 12301 | D:10     | Found a flagged portal.
 12520 | Bailey   | Entered a bailey
 13123 | Bailey   | Identified the ring "Ycvo" {+Fly rElec rN++ Dex-2 Stlth+}
 13132 | Bailey   | Reached XP level 12. HP: 76/81 MP: 15/15
 13138 | Bailey   | Reached skill level 5 in Shields
 13730 | D:10     | Found Ponistug's Armour Shoppe.
 13732 | D:10     | Found a staircase to the Orcish Mines.
 13762 | D:10     | Bought a +1 helmet of see invisible for 231 gold pieces
 14385 | D:11     | Noticed ellienor's ghost (journeyman MiBe)
 14400 | D:11     | Killed ellienor's ghost
 14538 | D:11     | Noticed a fire dragon
 14548 | D:11     | Killed from afar by a fire dragon

Skill      XL: |  1  2  3  4  5  6  7  8  9 10 11 12 |
---------------+-------------------------------------+-----
Dodging        | 1 2 3 4 5 6 |  6.1
Short Blades   | 2 3 4 6 7 9 |  9.2
Throwing       | 2 3 4 5 6 |  6.4
Stealth        | 4 5 6 8 9 10 | 10.5
Shields        | 1 3 4 5 |  5.3
Evocations     | 2 3 4 |  4.5
Fighting       | 3 |  3.7

Action                   |  1- 3 |  4- 6 |  7- 9 | 10-12 || total
-------------------------+-------+-------+-------+-------++-------
Melee: Dagger            |   127 |    46 |     4 |    15 ||   192
       Rapier            |       |    63 |   551 |  1472 ||  2086
 Fire: Blowgun           |    10 |    29 |    39 |    68 ||   146
Throw: Tomahawk          |       |       |     5 |       ||     5
 Abil: Evoke Invisibilit |       |       |       |     6 ||     6
Evoke: Wand              |       |       |     2 |    27 ||    29
       Disc of storms    |       |       |       |     2 ||     2
  Use: Scroll            |    11 |       |     3 |     8 ||    22
 Stab: Sleeping          |     8 |     2 |    28 |    16 ||    54
       Distracted        |       |       |     1 |     3 ||     4
       Invisible         |       |       |       |    20 ||    20
       Confused          |       |       |       |     7 ||     7
Armor: Robe              |    29 |    40 |   187 |   414 ||   670
Dodge: Dodged            |    77 |    74 |   308 |   943 ||  1402
Block: Buckler           |       |       |    66 |   376 ||   442
